[ AOE2 MATCH · #513705408 ]
UnrankedSicilians vs Magyars
Player's team · LOSS
Rival team · WIN
[ REPLAY ANALYSIS · EXTRACTED FROM THE RECORDED GAME ]
Feudal
—
Castle
—
Imperial
—
| APM avg | 67.3 |
| APM peak | 128 |
| eAPM avg | 36.1 |
| Villagers / military | 117 / 0 |
Focus
⚔️ 35.8% · 🌾 64.2%
Feudal
10:19
Castle
—
Imperial
—
| APM avg | 36.0 |
| APM peak | 68 |
| eAPM avg | 19.4 |
| Villagers / military | 45 / 29 |
Focus
⚔️ 31.8% · 🌾 68.2%
Archer ×22 · Scout Cavalry ×4 · Skirmisher ×2 · Spearman ×1
Match map
Initial resources + every placement click. Lines = walls · curves = elevation contours. ◆ gold · ⬟ stone · ● berries · ✦ relic · ◌ wall gap
Your base· Open — unwalled flank
Bill's base· Open — unwalled flank
Smoothed initial terrain · ◌ = detected wall gap · hover for details
Inputs per minute
— el rey de los chanchos - - Bill
Build order — el rey de los chanchos
First 150 of 180 actions detected
| 0:00 | Queue | Villager (Male) |
| 0:00 | Queue | Villager (Male) |
| 0:02 | Build | House |
| 0:03 | Build | House |
| 0:08 | Queue | Villager (Male) |
| 0:08 | Queue | Villager (Male) |
| 0:08 | Queue | Villager (Male) |
| 0:08 | Queue | Villager (Male) |
| 0:11 | Research | Loom |
| 0:11 | Research | Loom |
| 0:11 | Research | Loom |
| 0:11 | Queue | Villager (Male) |
| 0:27 | Queue | Villager (Male) |
| 0:28 | Queue | Villager (Male) |
| 1:44 | Queue | Villager (Male) |
| 2:12 | Build | Palisade Gate |
| 2:16 | Build | House |
| 2:25 | Build | House |
| 2:41 | Queue | Villager (Male) |
| 2:41 | Queue | Villager (Male) |
| 2:54 | Queue | Villager (Male) |
| 2:55 | Queue | Villager (Male) |
| 3:16 | Build | Palisade Wall |
| 3:16 | Build | Palisade Wall |
| 3:16 | Build | Palisade Wall |
| 3:16 | Build | Palisade Wall |
| 3:17 | Build | Palisade Wall |
| 3:17 | Build | Palisade Wall |
| 3:17 | Build | Palisade Wall |
| 3:17 | Build | Palisade Wall |
| 3:18 | Build | Palisade Wall |
| 3:18 | Build | Palisade Wall |
| 3:18 | Build | Palisade Wall |
| 3:18 | Build | Palisade Wall |
| 3:19 | Build | Palisade Wall |
| 3:19 | Build | Palisade Wall |
| 3:20 | Build | Palisade Wall |
| 3:21 | Build | Palisade Wall |
| 3:22 | Build | Palisade Wall |
| 3:38 | Queue | Villager (Male) |
| 3:38 | Queue | Villager (Male) |
| 3:38 | Queue | Villager (Male) |
| 3:38 | Queue | Villager (Male) |
| 4:33 | Queue | Villager (Male) |
| 4:33 | Queue | Villager (Male) |
| 4:33 | Queue | Villager (Male) |
| 4:37 | Build | House |
| 4:38 | Build | House |
| 4:55 | Build | House |
| 5:06 | Queue | Villager (Male) |
| 5:06 | Queue | Villager (Male) |
| 5:41 | Queue | Villager (Male) |
| 5:42 | Queue | Villager (Male) |
| 5:43 | Queue | Villager (Male) |
| 6:15 | Build | House |
| 6:37 | Build | Lumber Camp |
| 7:08 | Queue | Villager (Male) |
| 7:08 | Queue | Villager (Male) |
| 7:08 | Queue | Villager (Male) |
| 7:10 | Queue | Villager (Male) |
| 7:10 | Queue | Villager (Male) |
| 7:11 | Queue | Villager (Male) |
| 7:15 | Queue | Villager (Male) |
| 7:15 | Queue | Villager (Male) |
| 7:23 | Queue | Villager (Male) |
| 7:23 | Queue | Villager (Male) |
| 7:36 | Queue | Villager (Male) |
| 7:36 | Queue | Villager (Male) |
| 7:36 | Queue | Villager (Male) |
| 7:38 | Queue | Villager (Male) |
| 7:39 | Queue | Villager (Male) |
| 7:40 | Build | House |
| 7:41 | Build | House |
| 8:02 | Queue | Villager (Male) |
| 8:02 | Queue | Villager (Male) |
| 8:26 | Queue | Villager (Male) |
| 8:26 | Queue | Villager (Male) |
| 8:26 | Queue | Villager (Male) |
| 8:33 | Build | House |
| 8:47 | Queue | Villager (Male) |
| 8:47 | Queue | Villager (Male) |
| 8:47 | Queue | Villager (Male) |
| 8:56 | Queue | Villager (Male) |
| 9:36 | Queue | Villager (Male) |
| 9:37 | Queue | Villager (Male) |
| 9:37 | Queue | Villager (Male) |
| 9:37 | Queue | Villager (Male) |
| 9:41 | Build | Mill |
| 10:09 | Build | House |
| 10:14 | Queue | Villager (Male) |
| 10:14 | Queue | Villager (Male) |
| 10:15 | Queue | Villager (Male) |
| 10:37 | Build | House |
| 10:40 | Build | Palisade Wall |
| 10:43 | Build | Palisade Wall |
| 10:45 | Build | Palisade Wall |
| 11:47 | Build | Town Center |
| 12:39 | Queue | Villager (Male) |
| 12:40 | Queue | Villager (Male) |
| 12:40 | Queue | Villager (Male) |
| 12:40 | Queue | Villager (Male) |
| 12:40 | Queue | Villager (Male) |
| 12:41 | Queue | Villager (Male) |
| 12:41 | Queue | Villager (Male) |
| 12:41 | Queue | Villager (Male) |
| 12:41 | Queue | Villager (Male) |
| 12:42 | Queue | Villager (Male) |
| 12:42 | Queue | Villager (Male) |
| 12:58 | Queue | Villager (Male) |
| 12:58 | Queue | Villager (Male) |
| 13:49 | Queue | Villager (Male) |
| 13:50 | Queue | Villager (Male) |
| 16:53 | Build | Palisade Gate |
| 18:21 | Build | Town Center |
| 19:00 | Build | Mill |
| 19:16 | Build | Palisade Wall |
| 19:18 | Build | Palisade Wall |
| 19:42 | Build | House |
| 19:53 | Build | Palisade Gate |
| 19:56 | Build | Palisade Gate |
| 20:01 | Build | Palisade Gate |
| 20:08 | Build | Palisade Wall |
| 21:22 | Build | House |
| 23:47 | Build | Palisade Gate |
| 23:49 | Build | Palisade Wall |
| 24:34 | Queue | Villager (Male) |
| 24:34 | Queue | Villager (Male) |
| 25:05 | Queue | Villager (Male) |
| 25:06 | Queue | Villager (Male) |
| 25:09 | Queue | Villager (Male) |
| 25:09 | Queue | Villager (Male) |
| 25:09 | Queue | Villager (Male) |
| 25:27 | Queue | Villager (Male) |
| 25:27 | Queue | Villager (Male) |
| 25:42 | Build | Mill |
| 25:45 | Queue | Villager (Male) |
| 25:46 | Queue | Villager (Male) |
| 25:53 | Queue | Villager (Male) |
| 25:53 | Queue | Villager (Male) |
| 26:09 | Queue | Villager (Male) |
| 26:10 | Queue | Villager (Male) |
| 26:10 | Queue | Villager (Male) |
| 26:32 | Queue | Villager (Male) |
| 26:32 | Queue | Villager (Male) |
| 26:49 | Queue | Villager (Male) |
| 27:17 | Build | Palisade Gate |
| 27:42 | Queue | Villager (Male) |
| 27:42 | Queue | Villager (Male) |
| 27:42 | Queue | Villager (Male) |
| 28:39 | Build | Palisade Wall |
Build order — Bill
First 150 of 159 actions detected
| 0:00 | Queue | Villager (Male) |
| 0:01 | Queue | Villager (Male) |
| 0:02 | Build | House |
| 0:03 | Build | House |
| 0:04 | Queue | Villager (Male) |
| 0:20 | Queue | Villager (Male) |
| 1:22 | Queue | Villager (Male) |
| 1:48 | Build | Palisade Gate |
| 2:05 | Queue | Villager (Male) |
| 2:31 | Queue | Villager (Male) |
| 2:49 | Research | Loom |
| 3:15 | Queue | Villager (Male) |
| 3:42 | Queue | Villager (Male) |
| 4:16 | Build | House |
| 4:24 | Build | House |
| 4:27 | Queue | Villager (Male) |
| 4:27 | Queue | Villager (Male) |
| 4:31 | Queue | Villager (Male) |
| 5:01 | Build | House |
| 5:15 | Queue | Villager (Male) |
| 5:31 | Queue | Villager (Male) |
| 6:30 | Queue | Villager (Male) |
| 6:46 | Queue | Villager (Male) |
| 7:15 | Build | Lumber Camp |
| 7:23 | Queue | Villager (Male) |
| 7:38 | Build | Mining Camp |
| 8:09 | Research | Feudal Age |
| 8:09 | Research | Feudal Age |
| 8:39 | Build | Mining Camp |
| 9:29 | Build | Barracks |
| 9:54 | Queue | Villager (Male) |
| 10:19 | Age | Feudal Age |
| 10:25 | Build | House |
| 10:28 | Build | Archery Range |
| 10:41 | Queue | Villager (Male) |
| 10:48 | Build | House |
| 10:48 | Build | House |
| 10:51 | Queue | Spearman |
| 10:59 | Queue | Archer |
| 11:09 | Build | Palisade Wall |
| 11:12 | Build | Palisade Wall |
| 11:14 | Build | Palisade Wall |
| 11:16 | Build | Palisade Wall |
| 11:18 | Build | Palisade Wall |
| 11:21 | Build | Palisade Wall |
| 11:25 | Queue | Villager (Male) |
| 11:28 | Build | Palisade Wall |
| 11:30 | Build | Palisade Wall |
| 11:36 | Queue | Archer |
| 11:39 | Build | Palisade Wall |
| 11:46 | Build | Palisade Wall |
| 11:48 | Build | Palisade Wall |
| 11:50 | Build | Palisade Wall |
| 11:53 | Build | Palisade Wall |
| 11:55 | Build | Palisade Wall |
| 11:57 | Build | Palisade Wall |
| 11:59 | Build | Palisade Wall |
| 12:07 | Queue | Archer |
| 12:23 | Queue | Archer |
| 12:25 | Build | House |
| 12:27 | Build | House |
| 12:29 | Build | House |
| 12:45 | Queue | Archer |
| 13:14 | Queue | Archer |
| 13:22 | Build | Mill |
| 14:07 | Queue | Archer |
| 14:29 | Queue | Villager (Male) |
| 16:35 | Build | Town Center |
| 17:02 | Build | House |
| 17:05 | Build | House |
| 17:08 | Build | House |
| 17:15 | Queue | Skirmisher |
| 17:16 | Queue | Skirmisher |
| 17:26 | Build | House |
| 17:47 | Build | House |
| 17:49 | Build | House |
| 17:56 | Build | Market |
| 18:40 | Build | Stable |
| 19:02 | Queue | Archer |
| 19:03 | Queue | Archer |
| 19:17 | Queue | Villager (Male) |
| 19:45 | Queue | Villager (Male) |
| 20:04 | Queue | Villager (Male) |
| 20:50 | Build | Town Center |
| 22:07 | Queue | Villager (Male) |
| 22:07 | Queue | Villager (Male) |
| 22:35 | Build | Lumber Camp |
| 23:21 | Queue | Villager (Male) |
| 23:21 | Queue | Villager (Male) |
| 23:49 | Build | Farm |
| 23:49 | Build | Farm |
| 23:50 | Build | Farm |
| 24:29 | Build | Farm |
| 24:31 | Build | Farm |
| 24:40 | Queue | Villager (Male) |
| 25:07 | Build | Farm |
| 25:10 | Queue | Archer |
| 25:16 | Queue | Archer |
| 25:29 | Build | Farm |
| 25:31 | Build | Farm |
| 25:33 | Queue | Villager (Male) |
| 26:09 | Queue | Villager (Male) |
| 26:20 | Queue | Villager (Male) |
| 26:32 | Queue | Scout Cavalry |
| 26:39 | Build | Blacksmith |
| 26:45 | Build | Farm |
| 26:46 | Queue | Villager (Male) |
| 27:36 | Queue | Villager (Male) |
| 27:37 | Queue | Scout Cavalry |
| 27:55 | Queue | Scout Cavalry |
| 28:27 | Queue | Villager (Male) |
| 28:29 | Build | House |
| 28:30 | Build | House |
| 28:33 | Queue | Archer |
| 29:02 | Build | Watch Tower |
| 29:05 | Queue | Archer |
| 29:17 | Queue | Villager (Male) |
| 29:25 | Build | House |
| 29:28 | Build | House |
| 29:30 | Build | House |
| 29:33 | Build | House |
| 29:35 | Build | House |
| 29:36 | Build | House |
| 29:38 | Build | House |
| 29:46 | Queue | Villager (Male) |
| 30:17 | Build | Archery Range |
| 30:20 | Build | Archery Range |
| 30:21 | Queue | Villager (Male) |
| 30:47 | Build | House |
| 30:50 | Build | House |
| 30:53 | Build | House |
| 30:57 | Queue | Archer |
| 30:57 | Queue | Archer |
| 31:02 | Build | House |
| 31:03 | Build | House |
| 31:20 | Build | Palisade Wall |
| 31:21 | Build | Palisade Wall |
| 31:23 | Build | Palisade Wall |
| 31:25 | Build | Palisade Wall |
| 31:30 | Queue | Archer |
| 31:31 | Queue | Archer |
| 31:34 | Build | House |
| 31:39 | Queue | Villager (Male) |
| 31:51 | Build | House |
| 32:18 | Research | Fletching |
| 32:28 | Queue | Villager (Male) |
| 32:36 | Queue | Archer |
| 32:36 | Queue | Archer |
| 32:48 | Queue | Villager (Male) |
| 33:03 | Queue | Archer |
Match timeline
| 3:16 | el rey de los chanchos · wall_segment Palisade Wall x2 |
| 3:16 | el rey de los chanchos · wall_segment Palisade Wall x1 |
| 3:16 | el rey de los chanchos · wall_segment Palisade Wall x2 |
| 3:16 | el rey de los chanchos · wall_segment Palisade Wall x1 |
| 3:17 | el rey de los chanchos · wall_segment Palisade Wall x1 |
| 3:17 | el rey de los chanchos · wall_segment Palisade Wall x1 |
| 3:17 | el rey de los chanchos · wall_segment Palisade Wall x1 |
| 3:17 | el rey de los chanchos · wall_segment Palisade Wall x1 |
| 3:18 | el rey de los chanchos · wall_segment Palisade Wall x2 |
| 3:18 | el rey de los chanchos · wall_segment Palisade Wall x2 |
| 3:18 | el rey de los chanchos · wall_segment Palisade Wall x1 |
| 3:18 | el rey de los chanchos · wall_segment Palisade Wall x2 |
| 3:19 | el rey de los chanchos · wall_segment Palisade Wall x2 |
| 3:19 | el rey de los chanchos · wall_segment Palisade Wall x1 |
| 3:20 | el rey de los chanchos · wall_segment Palisade Wall x1 |
| 3:21 | el rey de los chanchos · wall_segment Palisade Wall x1 |
| 3:22 | el rey de los chanchos · wall_segment Palisade Wall x1 |
| 9:29 | Bill · first_building Barracks |
| 10:19 | Bill · age_up feudal |
| 10:28 | Bill · first_building Archery Range |
| 10:40 | el rey de los chanchos · wall_segment Palisade Wall x5 |
| 10:43 | el rey de los chanchos · wall_segment Palisade Wall x1 |
| 10:45 | el rey de los chanchos · wall_segment Palisade Wall x6 |
| 11:09 | Bill · wall_segment Palisade Wall x1 |
| 11:12 | Bill · wall_segment Palisade Wall x1 |
| 11:14 | Bill · wall_segment Palisade Wall x1 |
| 11:16 | Bill · wall_segment Palisade Wall x1 |
| 11:18 | Bill · wall_segment Palisade Wall x1 |
| 11:21 | Bill · wall_segment Palisade Wall x1 |
| 11:28 | Bill · wall_segment Palisade Wall x1 |
| 11:30 | Bill · wall_segment Palisade Wall x1 |
| 11:39 | Bill · wall_segment Palisade Wall x1 |
| 11:46 | Bill · wall_segment Palisade Wall x1 |
| 11:48 | Bill · wall_segment Palisade Wall x1 |
| 11:50 | Bill · wall_segment Palisade Wall x1 |
| 11:53 | Bill · wall_segment Palisade Wall x1 |
| 11:55 | Bill · wall_segment Palisade Wall x1 |
| 11:57 | Bill · wall_segment Palisade Wall x1 |
| 11:59 | Bill · wall_segment Palisade Wall x1 |
| 18:40 | Bill · first_building Stable |
| 18:57 | Bill · first_market_sell 100 stone |
| 19:16 | el rey de los chanchos · wall_segment Palisade Wall x5 |
| 19:18 | el rey de los chanchos · wall_segment Palisade Wall x1 |
| 19:45 | Bill · first_market_buy 100 food |
| 20:08 | el rey de los chanchos · wall_segment Palisade Wall x3 |
| 23:49 | el rey de los chanchos · wall_segment Palisade Wall x1 |
| 28:39 | el rey de los chanchos · wall_segment Palisade Wall x1 |
| 31:20 | el rey de los chanchos · wall_segment Palisade Wall x1 |
| 31:20 | Bill · wall_segment Palisade Wall x1 |
| 31:21 | Bill · wall_segment Palisade Wall x1 |
| 31:23 | Bill · wall_segment Palisade Wall x1 |
| 31:25 | Bill · wall_segment Palisade Wall x1 |
| 33:21 | el rey de los chanchos · wall_segment Palisade Wall x2 |
| 35:52 | el rey de los chanchos · resign |
[ AI ANALYSIS · 1 CREDIT ]
What really happened in this match?
Wolo.gg analyzes every decision: build order, eco, micro, common mistakes by bracket. Personalized analysis on WhatsApp or Discord in 30 seconds.
Civ guide
Sicilians
Perfil
Jugador #25988091